 Dungeon Crawl Stone Soup version 0.28.0 (webtiles) character file.

Game seed: 15027762295717114146

295 Ablot the Grasshopper (level 6, -3/51 HPs)
             Began as a Gnoll Warper on Feb 17, 2022.
             Was a Follower of Cheibriados.
             Splashed by a jelly's acid (5 damage)
             ... on level 5 of the Dungeon.
             The game lasted 00:07:25 (4904 turns).

Ablot the Grasshopper (Gnoll Warper)                Turns: 4904, Time: 00:07:26

Health: -3/51      AC: -3    Str: 15    XL:     6   Next: 34%
Magic:  14/14      EV: 13    Int: 16    God:    Cheibriados [*.....]
Gold:   204        SH:  0    Dex: 14    Spells: 13/15 levels left

rFire   + . .      SeeInvis .   p - +2 dagger (venom)
rCold   x . .      Faith    .   (no shield)
rNeg    . . .      Spirit   .   b - +0 leather armour
rPois   .          Reflect  .   (no helmet)
rElec   .          Harm     .   (no cloak)
rCorr   .          Rampage  .   (no gloves)
Will    .....                   f - +0 pair of boots
Stlth   ++........              (no amulet)
HPRegen 0.17/turn               j - ring of fire
MPRegen 0.14/turn               (no ring)

@: corroded, very slow
A: fangs 1, strong nose, distributed training
a: Renounce Religion, Bend Time


You were on level 5 of the Dungeon.
You worshipped Cheibriados.
Cheibriados was aware of your devotion.
You visited 1 branch of the dungeon, and saw 5 of its levels.

You collected 204 gold pieces.

Inventory:

Hand Weapons
 a - a +0 spear
 p - a +2 dagger of venom (weapon)
Missiles
 d - 4 boomerangs of dispersal
 e - 91 stones
 g - 11 poisoned darts (quivered)
 o - 72 arrows
 A - 23 bolts
Armour
 b - a +0 leather armour (worn)
 f - a +0 pair of boots (worn)
Magical Staves
 C - a staff of cold
Jewellery
 j - a ring of fire (left hand)
Wands
 v - a wand of flame (14)
Scrolls
 c - 2 scrolls of blinking
 l - 5 scrolls of identify {unknown}
 n - a scroll of magic mapping {unknown}
 q - a scroll of fog {unknown}
 r - a scroll of enchant armour {unknown}
 s - a scroll of vulnerability {unknown}
 t - a scroll of teleportation {unknown}
 u - a scroll of immolation {unknown}
 w - 2 scrolls of summoning {unknown}
 y - a scroll of enchant weapon {unknown}
Potions
 h - a potion of haste {unknown}
 i - a potion of resistance {unknown}
 k - a potion of curing {unknown}
 m - a potion of invisibility {unknown}
 x - a potion of degeneration {unknown}
 z - a potion of heal wounds {unknown}
 B - a potion of lignification {unknown}


   Skills:
 + Level 5.0 Fighting
 + Level 1.9 Short Blades
 + Level 1.9 Long Blades
 + Level 1.9 Axes
 + Level 1.9 Maces & Flails
 + Level 5.0 Polearms
 + Level 1.9 Staves
 + Level 1.9 Slings
 + Level 1.9 Bows
 + Level 1.9 Crossbows
 + Level 3.2 Throwing
 + Level 3.2 Armour
 + Level 5.0 Dodging
 + Level 1.9 Stealth
 + Level 1.9 Shields
 + Level 1.9 Unarmed Combat
 + Level 5.3 Spellcasting
 + Level 1.5 Conjurations
 + Level 1.5 Hexes
 + Level 1.5 Summonings
 + Level 1.5 Necromancy
 + Level 5.6 Translocations
 + Level 1.5 Transmutations
 + Level 1.5 Fire Magic
 + Level 1.5 Ice Magic
 + Level 1.5 Air Magic
 + Level 1.5 Earth Magic
 + Level 1.5 Poison Magic
 + Level 2.1 Invocations
 + Level 1.9 Evocations


You had 13 spell levels left.
You knew the following spells:

 Your Spells              Type           Power      Damage    Failure   Level
a - Blink                 Tloc           44%        N/A       2%          2

Your spell library contained the following spells:

 Spells                   Type           Power      Damage    Failure   Level
 Gell's Gravitas          Tloc           22%        N/A       5%          3
 Lesser Beckoning         Tloc           22%        N/A       5%          3
 Teleport Other           Tloc           22%        N/A       5%          3
 Manifold Assault         Tloc           22%        N/A       43%         5


Dungeon Overview and Level Annotations

Branches:
Dungeon (5/15)
 Temple: D:4-7

Altars:
Cheibriados

Shops:
D:3 *


Innate Abilities, Weirdness & Mutations

You have very sharp teeth.
Your uncanny sense of smell can sniff out nearby items.
Your experience applies equally to all skills.


Message History

You hit the jelly.
Your hands burn!
You bite the jelly.
The jelly is moderately wounded.
The jelly hits you.
You are splashed with acid!
You hit the jelly.
The jelly is poisoned.
The acid corrodes you!
Your hands burn!
The jelly is severely wounded.
The jelly closely misses you.
You hit the jelly but do no damage.
Your hands burn!
The jelly is severely wounded.
The jelly hits you.
You are splashed with acid!
You are too injured to fight recklessly!
You hit the jelly.
Your hands burn!
The jelly is almost dead.
The jelly closely misses you.
You hit the jelly but do no damage. The acid corrodes you!
Your hands burn!
You bite the jelly, but do no damage.
The jelly is almost dead.
The jelly barely misses you.
You hit the jelly but do no damage.
Your hands burn!
* * * LOW HITPOINT WARNING * * *
The jelly is almost dead.
Unknown command.
You barely miss the jelly. You bite the jelly, but do no damage.
The jelly is almost dead.
The jelly closely misses you.
Unknown command.
You hit the jelly but do no damage.
Your hands burn!
* * * LOW HITPOINT WARNING * * *
You bite the jelly, but do no damage.
The jelly is almost dead.
The jelly closely misses you.
Unknown command.
You barely miss the jelly.
The jelly is almost dead.
The jelly hits you.
* * * LOW HITPOINT WARNING * * *
You are splashed with acid.
* * * LOW HITPOINT WARNING * * *
You hit the jelly but do no damage.
Your hands burn!
You die...

#.. #.##
#..# ∆
###).#
.#####....#
∆
.......!..#
.....?J...##
##@...####
#....<...#
#...###...#
#...## ..##
...## .##
[..# .# ...#
## ..#


You could see a jelly (poisoned).

Vanquished Creatures
  An ogre (D:4)
  An orc priest (D:3)
  A hound skeleton (D:4)
  4 adders
  3 shadow imps (D:3)
  An ufetubus (D:3)
  2 adder skeletons (D:4)
  2 worms
  3 dart slugs
  6 orcs
  11 endoplasms
  4 giant cockroaches
  3 goblins
  3 hobgoblins (D:2)
  4 jackals
  6 kobolds
  4 quokkas
  10 ball pythons
  4 bats
  3 frilled lizards
  7 rats
83 creatures vanquished.

Notes
Turn   | Place    | Note
-------+----------+-------------------------------------------
     0 | D:1      | Ablot the Gnoll Warper began the quest for the Orb.
     0 | D:1      | Reached XP level 1. HP: 20/20 MP: 6/6
   153 | D:1      | Reached XP level 2. HP: 24/26 MP: 7/7
   156 | D:1      | Learned a level 2 spell: Blink
   723 | D:1      | Reached XP level 3. HP: 31/31 MP: 9/9
   754 | D:1      | Reached skill level 5 in Spellcasting
  1274 | D:2      | Reached skill level 1 in Invocations
  1362 | D:2      | Reached skill level 1 in Short Blades
  1362 | D:2      | Reached skill level 1 in Long Blades
  1362 | D:2      | Reached skill level 1 in Axes
  1362 | D:2      | Reached skill level 1 in Maces & Flails
  1362 | D:2      | Reached skill level 1 in Staves
  1362 | D:2      | Reached skill level 1 in Slings
  1362 | D:2      | Reached skill level 1 in Bows
  1362 | D:2      | Reached skill level 1 in Crossbows
  1362 | D:2      | Reached skill level 1 in Stealth
  1362 | D:2      | Reached skill level 1 in Shields
  1362 | D:2      | Reached skill level 1 in Unarmed Combat
  1362 | D:2      | Reached skill level 1 in Evocations
  1503 | D:2      | Reached XP level 4. HP: 32/38 MP: 11/11
  1668 | D:2      | Found a snail-covered altar of Cheibriados.
  1801 | D:2      | Became a worshipper of Cheibriados the Contemplative
  2515 | D:3      | Reached skill level 1 in Conjurations
  2515 | D:3      | Reached skill level 1 in Hexes
  2515 | D:3      | Reached skill level 1 in Summonings
  2515 | D:3      | Reached skill level 1 in Necromancy
  2515 | D:3      | Reached skill level 1 in Transmutations
  2515 | D:3      | Reached skill level 1 in Fire Magic
  2515 | D:3      | Reached skill level 1 in Ice Magic
  2515 | D:3      | Reached skill level 1 in Air Magic
  2515 | D:3      | Reached skill level 1 in Earth Magic
  2515 | D:3      | Reached skill level 1 in Poison Magic
  2606 | D:3      | Found a transporter.
  2939 | D:3      | Reached * piety under Cheibriados
  3043 | D:3      | Found a faded altar of an unknown god.
  3135 | D:3      | Found Bats's Assorted Antiques.
  3164 | D:3      | Reached XP level 5. HP: 43/43 MP: 12/12
  3249 | D:3      | Found a transporter.
  4533 | D:4      | Noticed an ogre
  4699 | D:4      | Killed an ogre
  4700 | D:4      | Reached XP level 6. HP: 50/50 MP: 14/14
  4725 | D:4      | Reached skill level 5 in Fighting
  4725 | D:4      | Reached skill level 5 in Polearms
  4725 | D:4      | Reached skill level 5 in Dodging
  4890 | D:5      | Entered Level 5 of the Dungeon
  4903 | D:5      | HP: 2/51 [acid (6)]
  4904 | D:5      | Splashed by a jelly's acid

Illustrated notes

Levels and vault maps discovered:
D:1:      dpeg_arrival_three_same_balls, layout_loops_ring,
          minmay_misc_feat_ornament
D:2:      layout_basic, basic_altar
D:3:      gammafunk_wand_slinger, layout_basic, serial_shops,
          nicolae_shop_temple_entry_statues_fountains,
          shapermc_ecumenical_altar_notcrosses, minmay_misc_feat_square
D:4:      layout_rooms
D:5:      layout_layer_cave, minmay_temple_entry_statues_fountains,
          portal_sewer_entry_b, uniq_sigmund

Skill      XL: |  1  2  3  4  5  6 |
---------------+-------------------+-----
Spellcasting   | 5 |  5.3
Invocations    | 1 2 |  2.1
Short Blades   | 1 |  1.9
Long Blades    | 1 |  1.9
Axes           | 1 |  1.9
Maces & Flails | 1 |  1.9
Staves         | 1 |  1.9
Slings         | 1 |  1.9
Bows           | 1 |  1.9
Crossbows      | 1 |  1.9
Stealth        | 1 |  1.9
Shields        | 1 |  1.9
Unarmed Combat | 1 |  1.9
Evocations     | 1 |  1.9
Conjurations   | 1 |  1.5
Hexes          | 1 |  1.5
Summonings     | 1 |  1.5
Necromancy     | 1 |  1.5
Transmutations | 1 |  1.5
Fire Magic     | 1 |  1.5
Ice Magic      | 1 |  1.5
Air Magic      | 1 |  1.5
Earth Magic    | 1 |  1.5
Poison Magic   | 1 |  1.5
Throwing       | 3 |  3.2
Armour         | 3 |  3.2
Fighting       | 5 |  5.0
Polearms       | 5 |  5.0
Dodging        | 5 |  5.0
Translocations | |  5.6

Action                   |  1- 3 |  4- 6 || total
-------------------------+-------+-------++-------
Melee: Spear             |   136 |   113 ||   249
       Bite              |     5 |    21 ||    26
       Punch             |     2 |     4 ||     6
       Dagger            |       |   114 ||   114
Throw: Dart              |       |     4 ||     4
       Boomerang         |       |     1 ||     1
 Stab: Sleeping          |     4 |     5 ||     9
Armor: Leather armour    |    24 |    48 ||    72
Dodge: Dodged            |    60 |   114 ||   174
